 Dungeon Crawl Stone Soup version 0.29-a0-1027-gcd8c55af63 (webtiles) character file.

Game seed: 7168680536233923332

37 gruber the Digger (level 3, -3/19 HPs)
             Began as a Gargoyle Earth Elementalist on Aug 12, 2022.
             Slain by Crazy Yiuf
             ... wielding a +4 quarterstaff of chaos
              (17 damage)
             ... on level 2 of the Dungeon.
             The game lasted 00:01:51 (1755 turns).

gruber the Digger (Gargoyle Earth Elementalist)     Turns: 1755, Time: 00:01:51

Health: -3/19      AC:  5    Str: 13    XL:     3   Next: 41%
Magic:  4/6        EV: 11    Int: 15    God:
Gold:   120        SH:  0    Dex: 10    Spells: 5/6 levels left

rFire   . . .      SeeInvis .   f - +1 whip (flame)
rCold   . . .      Faith    .   (no shield)
rNeg    + . .      Spirit   .   a - +0 robe
rPois   ∞          Reflect  .   (no helmet)
rElec   +          Harm     .   (no cloak)
rCorr   .          Rampage  .   (no gloves)
Will    .....                   (no boots)
Stlth   ++........              h - amulet of regeneration
HPRegen 0.86/turn               (no ring)
MPRegen 0.10/turn               (no ring)

@: invisible (expiring)
A: sickness immunity, AC +3, negative energy resistance 1, electricity
resistance, torment resistance 1, petrification resistance
a: no special abilities


You were on level 2 of the Dungeon.
You visited 1 branch of the dungeon, and saw 2 of its levels.

You collected 120 gold pieces.

Inventory:

Hand Weapons
 f - a +1 whip of flaming (weapon)
Armour
 a - a +0 robe (worn)
 e - +0 storm dragon scales
Jewellery
 h - an amulet of regeneration (around neck)
Scrolls
 c - 5 scrolls of identify {unknown}
 d - a scroll of brand weapon {unknown}
 g - a scroll of enchant weapon {unknown}
 i - a scroll of vulnerability {unknown}
 k - a scroll of teleportation {unknown}
 l - a scroll of enchant armour {unknown}
Potions
 b - a potion of magic
 j - a potion of lignification {unknown}


   Skills:
 + Level 0.1 Short Blades
 + Level 0.1(0.2) Axes
 + Level 0.2 Maces & Flails
 + Level 0.2 Ranged Weapons
 - Level 1.5 Dodging
 - Level 2.1 Stealth
 + Level 0.6 Shields
 - Level 2.1 Spellcasting
 + Level 0.2 Conjurations
 + Level 0.1 Hexes
 + Level 0.3 Summonings
 + Level 0.2 Necromancy
 - Level 0.7 Transmutations
 + Level 0.1 Fire Magic
 + Level 0.4 Air Magic
 - Level 4.2 Earth Magic
 + Level 0.2 Evocations


You had 5 spell levels left.
You knew the following spells:

 Your Spells              Type           Power      Damage    Failure   Level
a - Sandblast             Erth           28%        2d8       3%          1

Your spell library contained the following spells:

 Spells                   Type           Power      Damage    Failure   Level
 Passwall                 Tmut/Erth      7%         N/A       12%         2
 Wereblood                Tmut           3%         N/A       24%         2
 Stone Arrow              Conj/Erth      16%        3d8       26%         3
 Blink                    Tloc           2%         N/A       32%         2
 Lesser Beckoning         Tloc           1%         N/A       54%         3
 Petrify                  Tmut/Erth      9%         N/A       61%         4
 Manifold Assault         Tloc           1%         N/A       99%         5
 Summon Hydra             Summ           1%         N/A       100%        7
 Sublimation of Blood     Necr           Unusable   N/A       N/A         2

Dungeon Overview and Level Annotations

Branches:
Dungeon (2/15)

Altars:

Annotations:
D:2 Crazy Yiuf


Innate Abilities, Weirdness & Mutations

You are immune to sickness and miasma.
Your stone body is resilient. (AC +3)
You are immune to poison.
You resist negative energy. (rN+)
You are resistant to electric shocks. (rElec)
You are resistant to unholy torment.
You are immune to petrification.


Message History

Found a stone staircase leading up.
There is a stone staircase leading up here.
There is a stone staircase leading up here.
You open the door.
There is an open door here.
You open the door.
There is an open door here.
Key pressed, stopping explore.
Key pressed, stopping explore.
Crazy Yiuf shouts!
Crazy Yiuf says, "I'm not crazy!"
Could not explore, unopened runed door.
Could not explore, unopened runed door.
You open the door.
The blast of sand hits Crazy Yiuf but does no damage.
Crazy Yiuf closely misses you.
Crazy Yiuf hits you with a +4 quarterstaff of chaos.
You fade into invisibility!
The blast of sand hits Crazy Yiuf!
Crazy Yiuf is heavily wounded.
Crazy Yiuf grits, "Whippet King hand!"
Crazy Yiuf hits you with a +4 quarterstaff of chaos!
Ouch! That really hurt!
* * * LOW HITPOINT WARNING * * *
You resist with significant effort. Crazy Yiuf closely misses you.
Unknown command.
Unknown command.
Crazy Yiuf yells, "Iron pizzabubble green!"
You flicker for a moment.
Crazy Yiuf shouts!
Casting: Sandblast (safe; 3% risk of failure)
Confirm with . or Enter, or press ? or * to list all spells.
Aiming: Sandblast (safe; 3% risk of failure)
Press: ? - help, Shift-Dir - straight line, f/p - Crazy Yiuf
Aim: Crazy Yiuf, wielding a +4 quarterstaff of chaos and wearing a +0 cloak (heavily wounded, wandering, unable to see you, hasn't noticed you, 84% to hit)
The blast of sand hits Crazy Yiuf.
Crazy Yiuf is heavily wounded.
Crazy Yiuf hits you with a +4 quarterstaff of chaos!
Ouch! That really hurt!
You die...

# ##.....#
#.##.#...#.##....... #
#...##.#
#.##>......#........ #
########
###......(.'........ #
#.#...####........ #
#.....# ##....... ###
♣♣##.##### ##...(.#
#)..#♣♣ ♣♣....##
##...##
#...'.♣♣♣♣......##
##'##
#...#♣..♣....g@..# #.#
# ###
♣♣♣.♣.....#.########
#.# #
♣♣♣♣♣##..........###.##
# ###.######.##...##
######## #...#
#.#.....# .......#
##### #.#......
.####### #.....### .#
##.....# .# #.>....#


You could see Crazy Yiuf (unable to see you).

Vanquished Creatures
  A worm (D:2)
  A dart slug (D:1)
  A bat (D:1)
  4 endoplasms
  2 giant cockroaches
  4 hobgoblins
  A quokka (D:2)
  3 ball pythons
  2 frilled lizards
  4 goblins
  2 kobolds
  5 rats
30 creatures vanquished.

Notes
Turn   | Place    | Note
-------+----------+-------------------------------------------
     0 | D:1      | gruber the Gargoyle Earth Elementalist began the quest for
                  | the Orb.
     0 | D:1      | Reached XP level 1. HP: 10/10 MP: 3/3
    23 | D:1      | Reached skill level 4 in Earth Magic
   193 | D:1      | Reached XP level 2. HP: 14/15 MP: 3/5
   559 | D:1      | You fall into a shaft and drop 1 floor!
   854 | D:2      | Found a runed translucent door.
   855 | D:2      | Noticed Crazy Yiuf
   962 | D:2      | Found a faded altar of an unknown god.
   970 | D:2      | Reached XP level 3. HP: 19/19 MP: 4/6
  1755 | D:2      | Slain by Crazy Yiuf

Illustrated notes

Levels and vault maps discovered:
D:1:      ebering_trefoil_3fold, layout_rooms, serial_glass, glass_columns_a,
          glass_columns_c, feat_on_display, minmay_strange_pillars,
          minmay_strange_pillars
D:2:      layout_loops_corners, dreamdust_ecumenical_altar_statues,
          minmay_tromino_v4_c, uniq_crazy_yiuf_cottage

Skill      XL: |  1 |
---------------+----+-----
Earth Magic    | 4 |  4.2
Short Blades   | |  0.1
Axes           | |  0.1
Maces & Flails | |  0.2
Ranged Weapons | |  0.2
Dodging        | |  1.5
Stealth        | |  2.1
Shields        | |  0.6
Spellcasting   | |  2.1
Conjurations   | |  0.2
Hexes          | |  0.1
Summonings     | |  0.3
Necromancy     | |  0.2
Transmutations | |  0.7
Fire Magic     | |  0.1
Air Magic      | |  0.4
Evocations     | |  0.2

Action                   || total
-------------------------++-------
Melee: Unarmed           ||     3
 Cast: Sandblast         ||    43
Armor: Robe              ||     6
Dodge: Dodged            ||    11

Table legend: (Time is in decaauts)
 A = Elapsed time spent in this place.
 B = Non-inter-level travel time spent in this place.
 C = Inter-level travel time spent in this place.
 D = Time resting spent in this place.
 E = Time spent auto-exploring this place.
 F = Levels seen in this place.
 G = Mean time per level.
                   A        B        C        D        E       F      G
               +--------+--------+--------+--------+--------+-----+--------+
         Total |   1796 |   1778 |     18 |      0 |   1533 |   2 |  898.0 |
       Dungeon |   1796 |   1778 |     18 |      0 |   1533 |   2 |  898.0 |
               +--------+--------+--------+--------+--------+-----+--------+

Top non-repeatable levels by time:
     D:2: 1218 daAuts
     D:1: 577 daAuts
